 Dungeon Crawl Stone Soup version 0.31.0-11-ge490571c62 (webtiles) character file.

Game seed: 12912373116300459225

65 Gadfly the Insei (level 3, -9/29 HPs)
             Began as a Demonspawn Monk on Feb 1, 2024.
             Mangled by a crocodile (13 damage)
             ... in a sewer.
             The game lasted 00:02:26 (2044 turns).

Gadfly the Insei (Demonspawn Monk)                  Turns: 2044, Time: 00:02:27

Health: -9/29      AC:  4    Str: 13    XL:     3   Next: 94%
Magic:  4/4        EV: 13    Int: 10    God:
Gold:   95         SH:  5    Dex: 15    Spells: 2/2 levels left

rFire   . .          .
                       - Unarmed
rCold   . . .        c - orb {light}
rNeg    . . .        a - +0 robe
rPois   .            (helmet currently unavailable)
rElec   .            (cloak currently unavailable)
rCorr   .            (gloves currently unavailable)
SInv    .            (boots currently unavailable)
Will    .....        d - amulet of reflection
Stlth   +            (no ring)
HPRegen 0.24/turn    (no ring)
MPRegen 0.09/turn

%: reflection
@: beast-form, glowing
A: beast (slay +0), molten scales 1
a: Begin Untransformation


You were in a sewer.
You were a hulking beast.
You visited 1 branch of the dungeon, and saw 3 of its levels.
You also visited: Sewer.

You collected 95 gold pieces.

Inventory:

Armour
 a - a +0 robe (worn)
 c - an orb of light (worn)
Jewellery
 d - an amulet of reflection (around neck)
Talismans
 f - a beast talisman (active)
Scrolls
 g - a scroll of fog
 h - a scroll of enchant weapon {unknown}
Potions
 b - a potion of ambrosia


   Skills:
 - Level 3.0 Fighting
 + Level 2.9 Dodging
 * Level 3.1 Unarmed Combat
 * Level 2.0 Invocations
 * Level 1.5 Evocations
 * Level 1.2 Shapeshifting


You had 2 spell levels left.
You didn't know any spells.
Your spell library was empty.

Dungeon Overview and Level Annotations

Branches:
Dungeon (3/15)              Sewer (1/1)

Altars:


Innate Abilities, Weirdness & Mutations

You are a hulking beast.
Your limbs bulge with bestial killing power. (Slay +0)
You are partially covered in molten scales. (AC +2)


Message History

As you read the scroll labelled JOFISEFIJA, it dissolves into smoke.
It was a scroll of fog.
The crocodile bites you.
You hit the crocodile.
The crocodile is moderately wounded.
The crocodile bites you.
You hit the crocodile but do no damage.
The crocodile is moderately wounded.
The crocodile misses you.
You hit the crocodile.
The crocodile is heavily wounded.
The crocodile closely misses you.
You hit the crocodile.
The crocodile is severely wounded.
The crocodile misses you.
You barely miss the crocodile.
The crocodile is severely wounded.
The crocodile misses you.
You hit the crocodile.
The crocodile is almost dead.
The crocodile completely misses you.
You hit the crocodile but do no damage.
The crocodile is almost dead.
The crocodile bites you!
You hit the crocodile.
The crocodile is almost dead.
The crocodile bites you but does no damage.
You hit the crocodile but do no damage.
The crocodile is almost dead.
The crocodile bites you.
You hit the crocodile.
The crocodile is almost dead.
The crocodile closely misses you.
You barely miss the crocodile.
The crocodile is almost dead.
The crocodile bites you!
* * * LOW HITPOINT WARNING * * *
You closely miss the crocodile.
The crocodile is almost dead.
The crocodile bites you!
You die...

## ##
#[[#.
$.#.#
#§~~
##§.§##
#~§§§l#
#.§§.h##
#..§#§§§#
#. ##§§##
#~..#
##..# #.
#..# #..
#..# #~~#
##~.#
#...
#~..#


You could see a crocodile.

Vanquished Creatures
  2 adders (D:2)
  2 ribbon worms (D:3)
  An endoplasm (D:1)
  2 giant cockroaches
  5 goblins
  A hobgoblin (D:3)
  7 jackals
  2 quokkas
  3 ball pythons
  3 bats
  4 frilled lizards (D:2)
  4 kobolds
  6 rats
42 creatures vanquished.

Notes
Turn   | Place    | Note
-------+----------+-------------------------------------------
     0 | D:1      | Gadfly the Demonspawn Monk began the quest for the Orb.
     0 | D:1      | Reached XP level 1. HP: 18/18 MP: 1/1
   600 | D:2      | Gained mutation: You are partially covered in molten
                  | scales. (AC +2) [demonic ancestry]
   600 | D:2      | Reached XP level 2. HP: 19/24 MP: 2/2
   645 | D:2      | Reached skill level 1 in Invocations
   742 | D:2      | Reached skill level 1 in Evocations
   742 | D:2      | Reached XP level 3. HP: 29/29 MP: 2/4
  1114 | D:2      | Reached skill level 1 in Shapeshifting
  1163 | D:2      | Found a faded altar of an unknown god.
  1881 | D:3      | Found a glowing drain.
  1929 | Sewer    | Entered a sewer
  2022 | Sewer    | Noticed a crocodile
  2044 | Sewer    | Mangled by a crocodile

Illustrated notes

Levels and vault maps discovered:
D:1:      minmay_arrival_arboretum_large, layout_loops_ring, nicolae_the_louvre
D:2:      layout_loops_corners, hellmonk_ecumenical_altar_zigzags
D:3:      layout_loops_cross, portal_sewer_entry_a
Sewer:    sewer_the_crocodile

Skill      XL: |  1  2  3 |
---------------+----------+-----
Invocations    | 1 2 |  2.0
Evocations     | 1 |  1.5
Shapeshifting  | 1 |  1.2
Unarmed Combat | 3 |  3.1
Fighting       | |  3.0
Dodging        | |  2.9

Action                     || total
---------------------------++-------
  Melee: Unarmed           ||   153
    Use: Scroll            ||     4
         Potion            ||     1
 Armour: Robe              ||    64
  Dodge: Dodged            ||    91
   Form: Beast             ||     1
